 Dungeon Crawl Stone Soup version 0.31-a0-198-g2ad674f65e (webtiles) character file.

Game seed: 10561088301104381008

9811 rabbitsville the Fighter (level 11, -4/106 HPs)
             Began as a Hill Orc Fighter on June 25, 2023.
             Was a Follower of Makhleb.
             Slain by a seven-headed hydra (10 damage)
             ... on level 9 of the Dungeon.
             The game lasted 00:27:46 (8718 turns).

rabbitsville the Fighter (Hill Orc Fighter)         Turns: 8718, Time: 00:27:46

Health: -4/106     AC: 15    Str: 24    XL:     11   Next: 52%
Magic:  20/20      EV:  6    Int: 10    God:    Makhleb [*.....]
Gold:   470        SH:  7    Dex: 16    Spells: 10/10 levels left

rFire   . . .        C - +4 mace of the Sage {flame, *Noise rC+ MP+9 Int+2}
rCold   + . .        c - +0 buckler
rNeg    + . .        E - +0 plate armour
rPois   .            O - +2 hat {Will+}
rElec   .            e - +1 cloak
rCorr   .            (no gloves)
SInv    .            (no boots)
Will    +....        H - amulet of regeneration Stlth
                     o - +6 ring of dexterity
HPRegen 1.17/turn    K - ring of positive energy
MPRegen 0.17/turn

%: no passive effects
@: brilliant
A: no striking features
a: Renounce Religion


You were on level 9 of the Dungeon.
You worshipped Makhleb.
Makhleb was aware of your devotion.
You visited 2 branches of the dungeon, and saw 11 of its levels.

You collected 638 gold pieces.
You spent 168 gold pieces at shops.

Inventory:

Hand Weapons
 a - a +0 flail
 v - the +1 whip of the Lost Tables {spect, rC+ rN+ Stlth+}
   (You found it on level 2 of the Dungeon)

   rC:        It protects you from cold.
   rN:        It protects you from negative energy.
   Stlth:     It makes you more stealthy.
 C - the +4 mace of the Sage (weapon) {flame, *Noise rC+ MP+9 Int+2}
   (You bought it in a shop on level 3 of the Dungeon)

   Int:       It affects your intelligence (+2).
   rC:        It protects you from cold.
   MP:        It affects your magic capacity (+9).
   *Noise:    It may make noises in combat.
Missiles
 f - 4 javelins
 n - 5 boomerangs
 F - 4 silver javelins
 I - 2 throwing nets
Armour
 b - a +0 scale mail
 c - a +0 buckler (worn)
 e - a +1 cloak (worn)
 E - a +0 plate armour (worn)
 O - a +2 hat of willpower (worn)
Jewellery
 o - a +6 ring of dexterity (left hand)
 B - a ring of ice
 H - an amulet of regeneration (around neck)
 J - an amulet of magic regeneration
 K - a ring of positive energy (right hand)
Wands
 r - a wand of roots (4) (quivered)
 y - a wand of flame (2)
 L - a wand of charming (19)
 M - a wand of polymorph (18)
 P - a wand of quicksilver (2)
Scrolls
 g - 7 scrolls of teleportation
 i - a scroll of amnesia {unknown}
 j - 5 scrolls of identify
 l - 2 scrolls of poison {unknown}
 p - 2 scrolls of immolation {unknown}
 q - a scroll of enchant armour
 u - 2 scrolls of noise {unknown}
 x - 5 scrolls of revelation {unknown}
 D - a scroll of butterflies {unknown}
 N - a scroll of vulnerability {unknown}
Potions
 d - 2 potions of might
 h - 2 potions of attraction
 k - a potion of haste {unknown}
 m - a potion of berserk rage {unknown}
 s - a potion of mutation {unknown}
 t - a potion of enlightenment {unknown}
 w - a potion of curing
 z - 2 potions of invisibility {unknown}
 A - a potion of lignification {unknown}
 G - 3 potions of brilliance


   Skills:
 + Level 12.8 Fighting
 + Level 11.4 Maces & Flails
 - Level 3.2 Armour
 + Level 11.7 Shields


You had 10 spell levels left.
You didn't know any spells.
Your spell library contained the following spells:

 Spells                   Type           Power      Damage    Failure   Level
 Apportation              Tloc           0%         N/A       100%        1
 Beastly Appendage        Tmut           0%         N/A       100%        1
 Necrotise                Necr           0%         1d4       100%        1
 Summon Small Mammal      Summ           0%         N/A       100%        1
 Ensorcelled Hibernation  Hex/Ice        0%         N/A       100%        2
 Wereblood                Tmut           0%         N/A       100%        2
 Portal Projectile        Hex/Tloc       0%         N/A       100%        3
 Spider Form              Tmut/Pois      0%         N/A       100%        3
 Tukima's Dance           Hex            0%         N/A       100%        3
 Anguish                  Hex/Necr       0%         N/A       100%        4
 Blade Hands              Tmut           0%         N/A       100%        5


Dungeon Overview and Level Annotations

Branches:
Dungeon (10/15)            Temple (1/1) D:7            Lair (0/5) D:9
    Orc: D:9-12

Altars:
Cheibriados
Dithmenos
Elyvilon
Fedhas
Gozag
Kikubaaqudgha
Makhleb
Nemelex Xobeh
Okawaru
Qazlal
Trog
Uskayaw
Vehumet
Yredelemnul
Zin
The Shining One

Shops:
D:3 (

Annotations:
D:10 Amaemon


Message History

The seven-headed hydra bites you.
You block the seven-headed hydra's attack.
The seven-headed hydra bites you.
* * * LOW HITPOINT WARNING * * *
The seven-headed hydra bites you.
* * * LOW HITPOINT WARNING * * *
Okay, then.
You feel better.
The seven-headed hydra bites you but does no damage.
You block the seven-headed hydra's attack.
The seven-headed hydra bites you.
The seven-headed hydra bites you but does no damage. x2
The seven-headed hydra barely misses you. x2
It was a potion of brilliance.
You feel clever all of a sudden. The seven-headed hydra bites you.
You block the seven-headed hydra's attack.
The seven-headed hydra bites you.
* * * LOW HITPOINT WARNING * * *
The seven-headed hydra bites you but does no damage. x3
The seven-headed hydra bites you!
* * * LOW HITPOINT WARNING * * *
You feel better.
You block the seven-headed hydra's attack. x2
The seven-headed hydra bites you but does no damage. x2
The seven-headed hydra bites you!
* * * LOW HITPOINT WARNING * * *
The seven-headed hydra completely misses you.
The seven-headed hydra bites you but does no damage.
Aiming: Fastroot
Press: ? - help, Q - select action, (/) - cycle Shift-Dir - straight line The roots erupt in riotous growth!
Roots grab the seven-headed hydra.
The grasping roots constrict the seven-headed hydra!
You block the seven-headed hydra's attack.
The seven-headed hydra bites you but does no damage.
The seven-headed hydra bites you!
* * * LOW HITPOINT WARNING * * *
The seven-headed hydra bites you!
You die...

.........##.#
#......≈≈≈§≈≈.#...
............##
#......§≈§§§≈....#
.....######..#
####.#.....§......
###### #..##
#.#......####.#
#...## #.#....[.#
#.# #.#..#
#.#......# ##.#
#.##.####.##...###
#...
#.##..#......###
##.#
#....D@.###### #.#
######### ###


You could see a seven-headed hydra (rooted).

Vanquished Creatures
  Gastronok (D:8)
  A two-headed ogre (D:7)
  A cyclops (D:7)
  Maggie (D:8)
  A hornet (D:9)
  2 wyverns (D:9)
  10 yaks (D:9)
  A basilisk (D:9)
  2 steam dragons (D:9)
  Edmund (D:5)
  Menkaure (D:4)
  7 water moccasins
  An orc warrior (D:7)
  2 black bears
  An ice beast (D:5)
  A sky beast (D:8)
  3 ogres
  4 centaurs
  2 phantoms
  5 kobold brigands
  A bullfrog (D:8)
  7 scorpions
  A gnoll sergeant (D:6)
  4 wights (D:8)
  12 killer bees
  3 howler monkeys (D:8)
  A gnoll bouda (D:8)
  7 hounds
  4 orc priests
  2 jellies (D:5)
  A sleepcap (D:5)
  Jessica (D:2)
  3 iguanas
  Ijyb (D:4)
  Natasha (thrice) (D:4)
  5 orc wizards
  12 gnolls
  11 adders
  A shadow imp (D:5)
  An ufetubus (D:4)
  7 worms
  6 dart slugs
  22 orcs
  6 endoplasms
  4 giant cockroaches
  5 goblins
  10 hobgoblins
  6 jackals
  5 quokkas
  6 ball pythons
  8 bats
  2 frilled lizards
  29 kobolds
  7 rats
252 creatures vanquished.

Vanquished Creatures (others)
  An orc wizard (D:4)
1 creature vanquished.

Grand Total: 253 creatures vanquished

Notes
Turn   | Place    | Note
-------+----------+-------------------------------------------
     0 | D:1      | rabbitsville the Hill Orc Fighter began the quest for the
                  | Orb.
     0 | D:1      | Reached XP level 1. HP: 19/19 MP: 1/1
   170 | D:1      | Reached XP level 2. HP: 24/27 MP: 2/2
   353 | D:1      | Reached skill level 4 in Fighting
   721 | D:2      | Reached XP level 3. HP: 33/33 MP: 3/3
   915 | D:2      | Reached XP level 4. HP: 31/41 MP: 4/4
  1011 | D:2      | Found an iron altar of Okawaru.
  1123 | D:2      | You fall into a shaft and drop 2 floors!
  1268 | D:4      | Reached XP level 5. HP: 42/47 MP: 5/5
  1296 | D:4      | Reached skill level 5 in Fighting
  1334 | D:4      | Noticed Ijyb
  1346 | D:4      | Killed Ijyb
  1668 | D:2      | Noticed Jessica
  1676 | D:2      | Killed Jessica
  1677 | D:2      | Reached XP level 6. HP: 56/56 MP: 6/6
  1720 | D:2      | Reached skill level 5 in Shields
  2084 | D:2      | Identified the +1 whip of the Lost Tables {spect, rC+ rN+
                  | Stlth+}
  2267 | D:3      | Found Maemp's Antique Weapon Emporium.
  2653 | D:4      | Found an ancient bone altar of Kikubaaqudgha.
  2719 | D:4      | Noticed Natasha
  2733 | D:4      | Killed Natasha
  2770 | D:4      | Noticed Natasha
  2778 | D:4      | Killed Natasha
  2846 | D:4      | Found a white marble altar of Elyvilon.
  2862 | D:4      | Reached skill level 6 in Fighting
  2890 | D:4      | Noticed Menkaure
  2904 | D:4      | Killed Menkaure
  2905 | D:4      | Reached skill level 5 in Maces & Flails
  2905 | D:4      | Reached XP level 7. HP: 37/63 MP: 7/7
  3088 | D:4      | Noticed Natasha
  3097 | D:4      | Killed Natasha
  3291 | D:3      | Bought a scorched mace for 168 gold pieces
  3291 | D:3      | Identified the +4 mace of the Sage {flame, *Noise rC+ MP+9
                  | Int+2} (You bought it in a shop on level 3 of the Dungeon)
  3382 | D:3      | Found a faded altar of an unknown god.
  3596 | D:5      | Entered Level 5 of the Dungeon
  3811 | D:5      | Reached skill level 7 in Fighting
  3850 | D:5      | Reached XP level 8. HP: 60/73 MP: 8/8
  4100 | D:5      | Found a stormy altar of Qazlal.
  4125 | D:5      | Noticed Edmund
  4147 | D:5      | Killed Edmund
  4148 | D:5      | Reached skill level 8 in Fighting
  4245 | D:5      | Reached XP level 9. HP: 80/82 MP: 9/9
  5155 | D:6      | Reached skill level 9 in Fighting
  5497 | D:6      | HP: 4/83 [poisoned by a killer bee]
  5803 | D:8      | Found a blossoming altar of Fedhas.
  5817 | D:8      | Found a shadowy altar of Dithmenos.
  5817 | D:8      | Found a sparkling altar of Nemelex Xobeh.
  5821 | D:8      | Found a radiant altar of Vehumet.
  5983 | D:8      | Reached skill level 10 in Fighting
  6072 | D:8      | Noticed Maggie
  6102 | D:8      | Killed Maggie
  6103 | D:8      | Reached XP level 10. HP: 63/94 MP: 10/10
  6551 | D:7      | Noticed a two-headed ogre
  6557 | D:7      | Noticed a cyclops
  6560 | D:7      | Killed a two-headed ogre
  6561 | D:7      | Reached skill level 11 in Fighting
  6561 | D:7      | Reached skill level 10 in Shields
  6588 | D:7      | Killed a cyclops
  6620 | D:7      | Reached skill level 10 in Maces & Flails
  6709 | D:7      | Found a staircase to the Ecumenical Temple.
  6719 | Temple   | Entered the Ecumenical Temple
  6728 | Temple   | Became a worshipper of Makhleb the Destroyer
  7543 | D:8      | Noticed Gastronok
  7585 | D:8      | Killed Gastronok
  7586 | D:8      | Reached XP level 11. HP: 40/104 MP: 11/11
  7717 | D:8      | Reached skill level 12 in Fighting
  7894 | D:9      | Found an opulent altar of Gozag.
  8019 | D:9      | Reached * piety under Makhleb
  8198 | D:9      | Found a staircase to the Lair.
  8370 | D:9      | Found a snail-covered altar of Cheibriados.
  8589 | D:9      | Found a basalt altar of Yredelemnul.
  8627 | D:10     | Entered Level 10 of the Dungeon
  8627 | D:10     | Noticed Amaemon
  8697 | D:10     | Noticed a seven-headed hydra
  8702 | D:10     | Noticed a cyclops
  8718 | D:9      | Slain by a seven-headed hydra

Illustrated notes

Levels and vault maps discovered:
D:1:      minmay_arrival_three_doors, layout_loops_cross
D:2:      minmay_evil_eye, layout_basic, serial_curves, eino_curves_03,
          eino_curves_03, basic_altar, minmay_fractal_squares_gapless_5,
          uniq_jessica
D:3:      layout_basic, serial_shops, nicolae_shop_trees,
          basic_ecumenical_altar, minmay_misc_feat_secret_circle,
          kennysheep_cross_room
D:4:      minmay_angry_zag, layout_loops_cross, lemuel_coloured_pillars_altar,
          elyvilon_altar_5, kennysheep_dice, uniq_natasha, uniq_ijyb,
          uniq_menkaure
D:5:      wander_river, layout_basic, nicolae_qazlal_general_emergency,
          serial_aquarium, aquarium_bridge_straight [aquarium_subvault_bridge,
          aquarium_subvault_balcony, aquarium_subvault_bridge,
          aquarium_subvault_wall], aquarium_window_corridor_3,
          aquarium_window_2, aquarium_view_2d, aquarium_view_2c,
          minmay_chambers_of_fives, uniq_edmund
D:6:      layout_gridville
D:7:      hangedman_cross_stitches, layout_basic, minmay_temple_entry_ruins
D:8:      layout_loops_cross, grunt_temple_overflow_open, item_on_display_b,
          uniq_maggie, uniq_gastronok
D:9:      layout_basic, general_overflow_altar, mainiacjoe_overflow_alcove_1,
          cheibriados_altar_1, minmay_lair_entry_grove
D:10:     minmay_bloctagon_deflated, layout_rooms,
          nicolae_ru_sacrificial_ziggurat, gammafunk_ghost_nasty_kobolds,
          chequers_serial_rivers_small_b, uniq_snorg, uniq_amaemon
Temple:   hellmonk_temple_of_storms

Skill      XL: |  1  2  3  4  5  6  7  8  9 10 11 |
---------------+----------------------------------+-----
Fighting       | 4 5 6 7 8 10 11 12 | 12.8
Maces & Flails | 3 4 5 7 9 10 11 | 11.4
Shields        | 4 5 6 7 9 10 11 | 11.7
Armour         | |  3.2

Action                     |  1- 3 |  4- 6 |  7- 9 | 10-12 || total
---------------------------+-------+-------+-------+-------++-------
  Melee: Flail             |    99 |   153 |       |       ||   252
         Whip              |       |    95 |    31 |       ||   126
         Mace              |       |       |   250 |   309 ||   559
  Throw: Boomerang         |       |       |    45 |       ||    45
         Javelin           |       |       |    10 |     8 ||    18
  Evoke: Wand              |       |       |       |    11 ||    11
    Use: Potion            |       |       |     4 |     4 ||     8
         Scroll            |       |       |     3 |       ||     3
   Stab: Distracted        |       |     1 |       |       ||     1
         Sleeping          |       |     1 |       |       ||     1
 Armour: Scale mail        |    48 |   120 |    25 |       ||   193
         Plate armour      |       |       |   214 |   183 ||   397
  Dodge: Dodged            |    53 |    93 |   102 |    83 ||   331
  Block: Buckler           |    23 |    56 |   123 |    89 ||   291

Table legend: (Time is in decaauts)
 A = Elapsed time spent in this place.
 B = Non-inter-level travel time spent in this place.
 C = Inter-level travel time spent in this place.
 D = Time resting spent in this place.
 E = Time spent auto-exploring this place.
 F = Levels seen in this place.
 G = Mean time per level.
                   A        B        C        D        E       F      G
               +--------+--------+--------+--------+--------+-----+--------+
         Total |   8846 |   8520 |    326 |    492 |   4512 |  11 |  804.2 |
       Dungeon |   8827 |   8501 |    326 |    492 |   4512 |  10 |  882.7 |
        Temple |     18 |     18 |      0 |      0 |      0 |   1 |   18.0 |
               +--------+--------+--------+--------+--------+-----+--------+

Top non-repeatable levels by time:
     D:5: 1287 daAuts
     D:8: 1156 daAuts
     D:2: 1049 daAuts
     D:4: 1019 daAuts
     D:6: 935 daAuts
     D:7: 910 daAuts
     D:9: 852 daAuts
     D:3: 849 daAuts
     D:1: 730 daAuts
    D:10: 37 daAuts
  Temple: 18 daAuts
